 Dungeon Crawl Stone Soup version 0.29.1-15-g9cfb28693d (webtiles) character file.

Game seed: 14069292980268342930

170 Descartes the Ducker (level 5, -4/28 HPs)
             Began as a Deep Elf Wanderer on Apr 27, 2023.
             Slain by an elf zombie (5 damage)
             ... in an ossuary.
             The game lasted 00:13:21 (3977 turns).

Descartes the Ducker (Deep Elf Wanderer)            Turns: 3977, Time: 00:13:21

Health: -4/28      AC:  3    Str:  6    XL:     5   Next: 25%
Magic:  12/12      EV: 13    Int: 20    God:
Gold:   190        SH:  0    Dex: 16    Spells: 7/11 levels left

rFire   . . .      SeeInvis .   k - +1 dagger (elec)
rCold   . . .      Faith    .   (no shield)
rNeg    . . .      Spirit   .   e - +0 robe
rPois   .          Reflect  .   (no helmet)
rElec   .          Harm     .   (no cloak)
rCorr   .          Rampage  .   c - +0 pair of gloves
Will    .....                   (no boots)
Stlth   +.........              (no amulet)
HPRegen 0.09/turn               (no ring)
MPRegen 0.13/turn               (no ring)

@: invisible
A: no striking features
a: no special abilities


You were in an ossuary.
You visited 1 branch of the dungeon, and saw 4 of its levels.
You also visited: Ossuary.

You collected 190 gold pieces.

Inventory:

Hand Weapons
 k - a +1 dagger of electrocution (weapon)
Missiles
 n - 5 poisoned darts
Armour
 c - a +0 pair of gloves (worn)
 e - a +0 robe (worn)
Magical Staves
 i - a staff of earth
 j - a staff of poison
Scrolls
 l - 2 scrolls of brand weapon
 q - a scroll of torment
 s - a scroll of immolation
Potions
 a - a potion of berserk rage {unknown}
 b - a potion of haste
 h - a potion of mutation {unknown}
 m - a potion of curing {unknown}
 o - a potion of magic {unknown}
 p - a potion of lignification {unknown}
 r - 2 potions of brilliance {unknown}
 t - 2 potions of ambrosia {unknown}


   Skills:
 + Level 3.8 Dodging
 - Level 3.2 Unarmed Combat
 + Level 3.7 Spellcasting
 + Level 3.5 Ice Magic
 + Level 2.9 Evocations


You had 7 spell levels left.
You knew the following spells:

 Your Spells              Type           Power      Damage    Failure   Level
a - Freeze                Ice            68%        1d8       3%          1
b - Frozen Ramparts       Ice            34%        1d6       10%         3

Your spell library contained the following spells:

 Spells                   Type           Power      Damage    Failure   Level


Dungeon Overview and Level Annotations

Branches:
Dungeon (4/15)            Ossuary (1/1)
 Temple: D:4-7

Altars:
Elyvilon
Fedhas
Okawaru
Trog

Shops:
D:1 =[[   D:2 *   D:3 (:?:

Annotations:
D:2 1 runed translucent door, Crazy Yiuf


Message History

You feel much better. The elf zombie hits you!
You barely miss the elf zombie. You punch the elf zombie.
The elf zombie is heavily damaged.
The elf zombie hits you.
You hit the elf zombie.
The elf zombie is severely damaged.
You hit the elf zombie.
The elf zombie is severely damaged.
The elf zombie hits you.
* * * LOW HITPOINT WARNING * * *
You hit the elf zombie.
The elf zombie is severely damaged.
The elf zombie hits you.
* * * LOW HITPOINT WARNING * * *
You barely miss the elf zombie.
The elf zombie is severely damaged.
The elf zombie hits you.
* * * LOW HITPOINT WARNING * * *
You hit the elf zombie.
The elf zombie is severely damaged.
The elf zombie hits you but does no damage.
You hit the elf zombie.
The elf zombie is severely damaged.
Unknown command.
You barely miss the elf zombie.
The elf zombie is severely damaged.
The elf zombie misses you.
You hit the elf zombie.
You punch the elf zombie, but do no damage.
The elf zombie is severely damaged.
The elf zombie hits you but does no damage.
Unknown command.
You closely miss the elf zombie.
The elf zombie is severely damaged.
The elf zombie hits you.
* * * LOW HITPOINT WARNING * * *
You fade into invisibility!
The elf zombie hits you.
You die...

#W# #..#**#.......#**,,,, ###
#..#,+....8...#,*...8 ##.##
#..####.......#+#....
##...###.............#.#....
##.....##...................,
**#...∩...'..####..####.....##*
#W#.......'..#.'...#,+...8...+,
###...∩...'..####..####.....###
##.....##...@Z...............
##...###.............#.#....
##.## #..####.......#+#.... ###
#..#,+....8...#,*...8 #W#
#..#*##.......#**.... ***
#..,,...........,....
#..,.....#.#..#.#..#.
#..*###..#+#..#+#..#+
*,,*,+,,,*,*,,*,*,,*,


You could see an elf zombie (unable to see you).

Vanquished Creatures
  An orc wizard (D:3)
  A mummy (D:4)
  4 adders
  A worm (D:3)
  2 dart slugs
  4 orcs (D:3)
  11 ball pythons
  4 endoplasms
  6 giant cockroaches
  5 hobgoblins
  5 jackals
  3 quokkas
  8 bats
  3 frilled lizards
  9 goblins
  3 goblin zombies (Ossuary)
  3 hobgoblin zombies (Ossuary)
  5 kobolds
  A kobold zombie (Ossuary)
  9 rats
88 creatures vanquished.

Vanquished Creatures (others)
  A fungus (D:2)
1 creature vanquished.

Grand Total: 89 creatures vanquished

Notes
Turn   | Place    | Note
-------+----------+-------------------------------------------
     0 | D:1      | Descartes the Deep Elf Wanderer began the quest for the
                  | Orb.
     0 | D:1      | Descartes set off with the following items: a +0 dagger, a
                  | potion of haste, a +0 pair of gloves, a potion of heal
                  | wounds, a +0 robe, a potion of invisibility; and the
                  | following spell memorised: Freeze; and the following spells
                  | available to memorise: Frozen Ramparts.
     0 | D:1      | Reached XP level 1. HP: 10/10 MP: 5/5
   116 | D:1      | Reached XP level 2. HP: 15/15 MP: 2/7
   337 | D:1      | Found Teav's Antique Armour Shoppe.
   438 | D:1      | Found Ymneur's Armour Shop.
   646 | D:1      | Found Kopo Fen's Jewellery Shoppe.
   665 | D:1      | Reached XP level 3. HP: 14/19 MP: 0/8
  1387 | D:2      | Found Neczi's Assorted Antiques.
  1527 | D:2      | Reached XP level 4. HP: 21/24 MP: 6/10
  2023 | D:2      | Found a runed translucent door.
  2024 | D:2      | Noticed Crazy Yiuf
  2102 | D:3      | Found Xyniud's Book Shop.
  2121 | D:3      | Found Asophiamap's Book Emporium.
  2613 | D:3      | Found Qocretip's Magic Scroll Emporium.
  2665 | D:3      | Found Cohuvas's Antique Weapon Emporium.
  2904 | D:3      | Reached XP level 5. HP: 21/28 MP: 7/12
  2994 | D:3      | Found a faded altar of an unknown god.
  3395 | D:3      | Found a blossoming altar of Fedhas.
  3400 | D:3      | Found a white marble altar of Elyvilon.
  3401 | D:3      | Found an iron altar of Okawaru.
  3404 | D:3      | Found a bloodstained altar of Trog.
  3679 | D:4      | Learned a level 3 spell: Frozen Ramparts
  3690 | D:4      | Found a sand-covered staircase.
  3862 | Ossuary  | Entered an ossuary
  3862 | Ossuary  | Noticed a wraith
  3862 | Ossuary  | Noticed a wraith
  3862 | Ossuary  | Noticed a wraith
  3976 | Ossuary  | HP: 1/28 [elf zombie (3)]
  3977 | Ossuary  | Slain by an elf zombie

Illustrated notes

Levels and vault maps discovered:
D:1:      dpeg_arrival_round_b, layout_basic, serial_shops, shop_statue,
          nicolae_shop_waterfront, shop_statue
D:2:      layout_rooms, serial_shops, shop, minmay_shallow_snake_nest,
          uniq_crazy_yiuf_cottage
D:3:      layout_loops_ring, minitemple, serial_shops, nicolae_diamond_shop,
          nicolae_shop_window_shopping, nicolae_square_shop, shop,
          shapermc_ecumenical_altar_venn
D:4:      layout_gridville, gup_ossuary_entry_pyramid
Ossuary:  ossuary_kennysheep_city_of_the_dead

Skill      XL: |  1  2  3  4 |
---------------+-------------+-----
Spellcasting   | 2 3 |  3.7
Dodging        | 3 |  3.8
Evocations     | 2 |  2.9
Ice Magic      | 3 |  3.5
Unarmed Combat | |  3.2

Action                   |  1- 3 |  4- 6 || total
-------------------------+-------+-------++-------
Melee: Dagger            |     4 |    71 ||    75
       Punch             |       |     3 ||     3
 Cast: Freeze            |    74 |    53 ||   127
  Use: Scroll            |       |     4 ||     4
       Potion            |       |     2 ||     2
Armor: Robe              |    14 |    25 ||    39
Dodge: Dodged            |    61 |    57 ||   118
